Map: Altitude LE

Players

A.I. 1 (Very Easy)

  • Race: Terran Terran
  • Spawn Location: 1:00

Leavage - Winner!

  • Race: Terran Terran
  • Spawn Location: 7:00

VOD

Have the link to the VOD?

Description

Terran 3-rax early stim/combat shield build order. The silver and gold league crusher.

Time

  • Played on: Feb. 1, 2023, 9:54 p.m.
  • Length: 5:48
Show
View Real Time Build Order
Export as new Build Order

A.I. 1 (Very Easy) Terran 

Build Orders:  

Get SALT Encoding   

  12  0:00  SCV  
  13  0:13  SCV  
  14  0:20  Supply Depot  
  14  0:38  Refinery  
  14  0:44  Barracks  
  14  1:03  Supply Depot  
  14  1:11  Refinery  
  14  1:30  SCV  
  14  1:31  Marine  
  16  1:42  SCV  
  17  1:54  SCV  
  18  2:06  Marine, SCV  
  20  2:18  SCV  
  21  2:30  SCV  
  22  2:41  Marine  
  22  2:43  Orbital Command  
  23  4:54  Marine  
  23  4:57  Supply Depot  
  23  4:59  SCV  
Show
View Real Time Build Order
Export as new Build Order

Leavage Terran - Winner!

Build Orders:  

Get SALT Encoding   

  12  0:00  SCV  
  13  0:12  SCV  
  14  0:17  Supply Depot  
  14  0:24  SCV  
  15  0:39  SCV  
  15  0:40  Barracks  
  16  0:45  Refinery  
  16  0:51  SCV  
  17  1:03  SCV  
  18  1:15  SCV  
  19  1:21  Supply Depot  
  19  1:27  Orbital Command  
  19  1:28  Barracks Reactor  
  19  1:33  Barracks  
  19  1:47  Barracks  
  19  1:53  SCV  
  20  2:04  Marine x2, Refinery  
  20  2:07  SCV  
  23  2:19  SCV  
  23  2:20  Supply Depot  
  23  2:21  Barracks Tech Lab  
  24  2:23  Marine x2  
  26  2:31  SCV  
  26  2:36  Barracks Tech Lab  
  27  2:40  Marine  
  27  2:41  Marine, Stimpack  
  29  2:48  Marine  
  30  2:54  Combat Shield  
  30  2:56  Marine  
  31  2:58  Marine  
  31  3:00  Marine, SCV  
  34  3:07  Supply Depot  
  34  3:13  Marauder  
  34  3:18  Marauder  
  38  3:21  Marine  
  39  3:28  Marine  
  39  3:29  Supply Depot  
  40  3:34  Marauder  
  40  3:39  Marauder  
  40  3:41  Marine  
  44  3:46  Marine  
  46  4:04  SCV  
  47  4:11  Command Center  
  47  4:16  SCV  
  48  4:23  Factory  
  48  4:24  Marine  
  49  4:28  SCV  
  50  4:34  Marine  
  51  4:43  Supply Depot  
  51  4:45  SCV  
  51  4:52  Engineering Bay  
  51  5:17  Starport  
  51  5:21  Marine  
  51  5:22  Marine, Marauder  
  58  5:33  SCV  
  60  5:38  Barracks Reactor  
Tags
 
Matchup
TvT
Race
Terran
Spawn Locations
Cross Positions
Add a new tag
Caveats
  • Supply blocks, unpowered buildings, or Contaminate may cause inaccurate times.
  • Supply counts are checked every 10 seconds.